 Dungeon Crawl Stone Soup version 0.17.1-1-g73c8601 (webtiles) character file.

184 shmeve the Skirmisher (level 5, -6/70 HPs)
             Began as a Draconian Berserker on Apr 15, 2016.
             Was a Priest of Trog.
             Mangled by Grinder (9 damage)
             ... on level 4 of the Dungeon.
             The game lasted 00:05:21 (2954 turns).

shmeve the Skirmisher (Draconian Berserker)         Turns: 2954, Time: 00:05:21

Health: -6/70      AC:  5    Str: 27    XL:     5   Next: 36%
Magic:  5/5        EV: 13    Int:  8    God:    Trog [***...]
Gold:   160        SH:  0    Dex: 10    Spells: 0 memorised, 4 levels left

rFire  . . .     SeeInvis .     a - +0 hand axe
rCold  . . .     Clarity  .     (armour unavailable)
rNeg   + . .     SustAt   .     (no shield)
rPois  .         Gourm    .     (helmet restricted)
rElec  .         Spirit   .     (no cloak)
rCorr  .         Warding  .     (no gloves)
rMut   .         Stasis   .     (no boots)
MR     .....                    (no amulet)
Stlth  ..........               o - ring of positive energy
                                k - +2 ring of strength

@: berserking, very quick, not resistant to hostile enchantments, extremely
unstealthy
A: unfitting armour, cold-blooded, AC +5
a: Berserk, Trog's Hand, Burn Spellbooks, Renounce Religion


You were on level 4 of the Dungeon.
You worshipped Trog.
Trog was most pleased with you.
You were hungry.

You visited 1 branch of the dungeon, and saw 4 of its levels.

You collected 160 gold pieces.

Inventory:

Hand Weapons
 a - a +0 hand axe (weapon)
Jewellery
 k - a +2 ring of strength (left hand)
 o - a ring of positive energy (right hand)
Scrolls
 d - a scroll of blinking {unknown}
 e - a scroll of noise {unknown}
 i - a scroll of remove curse {unknown}
 j - 4 scrolls of identify {unknown}
 l - 2 scrolls of fog {unknown}
 n - a scroll of recharging {unknown}
 q - a scroll of random uselessness {unknown}
Potions
 h - a potion of might {unknown}
 m - a potion of cancellation {unknown}
 r - a potion of resistance {unknown}
 s - a potion of heal wounds {unknown}
Comestibles
 b - 5 bread rations
 c - a slice of pizza
 f - 2 meat rations
 g - 3 beef jerkies
 p - a fruit


   Skills:
 * Level 4.5 Fighting
 * Level 3.9 Axes
 * Level 3.8 Dodging
 + Level 1.7 Stealth


You had 4 spell levels left.
You didn't know any spells.

Dungeon Overview and Level Annotations

Branches:
Dungeon (4/15)
 Temple: D:4-7

Altars:
Makhleb
Xom

Annotations:
D:4 Grinder


Innate Abilities, Weirdness & Mutations

Your plain brown scales are hard (AC +5).
Your body does not fit into most forms of armour.
You are cold-blooded and may be slowed by cold attacks.


Message History

Grinder gestures at you. Pain shoots through your body!
* * * LOW HITPOINT WARNING * * *
You completely miss Grinder.
Grinder is severely wounded.
Grinder hits you.
* * * LOW HITPOINT WARNING * * *
A red film seems to cover your vision as you go berserk!
You feel yourself moving faster!
You feel mighty!
You are feeling hungry.
Grinder hits you.
* * * LOW HITPOINT WARNING * * *
You hit Grinder.
Your tail-slap misses Grinder.
Grinder is almost dead.
Grinder hits you.
* * * LOW HITPOINT WARNING * * *
You barely miss Grinder. You tail-slap Grinder.
Grinder is almost dead.
Grinder hits you!
You die...

..#.### ... .. ..#.##.
...#.#>###. #.#..
...#.#.... #....
....#..# ###.... #
....#..######...... #.#
#..............>.. ....#
#5....###.........
......#@........###.#...
#...........## #.....
#...........# #..##.
#....#......# #..###
#....##..##..# #.##
#..#.####.....# #.#
#.##. ###...# ..# #. #.
....#..# # .. ...#.##


You could see Grinder.

Vanquished Creatures
  A hound (D:4)
  An orc wizard (D:3)
  Robin (D:2)
  3 adders
  An ooze (D:1)
  A giant gecko (D:3)
  10 orcs
  4 giant cockroaches
  7 hobgoblins
  2 jackals (D:2)
  A ball python (D:3)
  6 bats
  4 giant newts
  12 goblins
  8 kobolds
  A quokka skeleton (D:4)
  11 rats
74 creatures vanquished.

Notes
Turn   | Place    | Note
--------------------------------------------------------------
     0 | D:1      | shmeve the Draconian Berserker began the quest for the Orb.
     0 | D:1      | Reached XP level 1. HP: 19/19 MP: 1/1
    42 | D:1      | Reached XP level 2. HP: 2/26 MP: 2/2
   754 | D:2      | Noticed Robin
   759 | D:2      | Reached ** piety under Trog
   767 | D:2      | Killed Robin
   767 | D:2      | Reached XP level 3. HP: 18/33 MP: 3/3
  1078 | D:2      | Found a shimmering altar of Xom.
  1162 | D:2      | Found a burning altar of Makhleb.
  1467 | D:2      | Reached skill level 1 in Stealth
  1677 | D:3      | Reached XP level 4. HP: 40/40 MP: 4/4
  1679 | D:3      | Reached skill level 4 in Fighting
  2103 | D:3      | Found a faded altar to an unknown god.
  2159 | D:3      | Reached *** piety under Trog
  2606 | D:3      | Reached XP level 5. HP: 35/47 MP: 5/5
  2921 | D:4      | Noticed Grinder
  2953 | D:4      | HP: 3/70 [Grinder (6)]
  2954 | D:4      | Mangled by Grinder

Action                   |  1- 3 |  4- 6 || total
-------------------------+-------+-------++-------
Melee: Hand axe          |    94 |   115 ||   209
Invok: Berserk           |     2 |     2 ||     4
       Trog's Hand       |       |     2 ||     2
 Stab: Sleeping          |     2 |     1 ||     3
  Eat: Chunk             |     3 |     5 ||     8
       Fruit             |       |     2 ||     2
